 Dungeon Crawl Stone Soup version 0.31-a0-1522-g43313d8 (webtiles) character file.

Game seed: 13634745832314118548

5427 blake the Cruncher (level 10, -12/90 HPs)
             Began as a Hill Orc Monk on Dec 30, 2023.
             Was an Elder of Okawaru.
             Killed by divine providence
             ... invoked by an orc priest
              (16 damage)
             ... on level 8 of the Dungeon.
             The game lasted 00:31:12 (8061 turns).

blake the Cruncher (Hill Orc Monk)                  Turns: 8061, Time: 00:31:13

Health: -12/90     AC:  8    Str: 25    XL:     10   Next: 67%
Magic:  10/10      EV: 12    Int: 17    God:    Okawaru [****..]
Gold:   34         SH:  0    Dex: 13    Spells: 7/9 levels left

rFire   . . .        g - +0 lajatang (heavy)
rCold   . . .        (shield currently unavailable)
rNeg    . . .        n - +0 ring mail
rPois   .            F - +1 hat
rElec   .            (no cloak)
rCorr   .            w - +0 pair of gloves
SInv    +            (no boots)
Will    +....        (no amulet)
Stlth   +            p - +6 ring of strength
HPRegen 0.35/turn    J - ring "Lurphiane" {Will+ Int+7 SInv}
MPRegen 0.12/turn

%: no passive effects
@: no status effects
A: no striking features
a: Renounce Religion, Convert to Beogh, Heroism, Finesse


You were on level 8 of the Dungeon.
You worshipped Okawaru.
Okawaru was greatly pleased with you.
You visited 2 branches of the dungeon, and saw 9 of its levels.

You collected 541 gold pieces.
You spent 507 gold pieces at shops.

Inventory:

Hand Weapons
 e - a +0 halberd of venom
 g - a +0 heavy lajatang (weapon)
 o - the +2 war axe "Pysegix" {holy, ^Contam Fly Int+3}
   (You found it on level 4 of the Dungeon)

   Int+3:     It affects your intelligence (+3).
   Fly:       It grants you flight.
   ^Contam:   It causes magical contamination when unequipped.
 E - the +3 long sword "Jufuoq" {chaos, +Blink rF+++ rC+ Stlth-}
   (You took it off a gnoll on level 7 of the Dungeon)

   rF+++:     It renders you almost immune to fire.
   rC+:       It protects you from cold.
   +Blink:    It lets you blink.
   Stlth-:    It makes you less stealthy.
 K - the +6 shillelagh "Devastator" {shatter}
   (You found it on level 6 of the Dungeon)
Missiles
 h - 4 boomerangs (quivered)
 L - a curare-tipped dart
Armour
 b - a +0 robe
 d - an orb of light
 l - a +0 leather armour
 n - a +0 ring mail (worn)
 w - a +0 pair of gloves (worn)
 F - a +1 hat (worn)
Jewellery
 j - an amulet of magic regeneration
 p - a +6 ring of strength (left hand)
 t - a ring of ice
 D - the ring of Ru's Respect {Fire Stlth+}
   (You took it off an orc on level 6 of the Dungeon)

   [ring of fire]

   Fire:      It enhances your fire magic.
   rF+:       It protects you from fire.
   rC-:       It makes you vulnerable to cold.
   Stlth+:    It makes you more stealthy.
 J - the ring "Lurphiane" (right hand) {Will+ Int+7 SInv}
   (You bought it in a shop on level 5 of the Dungeon)

   [ring of see invisible]

   Int+7:     It affects your intelligence (+7).
   Will+:     It increases your willpower.
   SInv:      It lets you see invisible.
Wands
 a - a wand of light (8)
 v - a wand of polymorph (8)
 M - a wand of flame (11)
Scrolls
 f - a scroll of summoning
 i - a scroll of amnesia
 m - a scroll of noise
 r - 2 scrolls of vulnerability {unknown}
 u - 2 scrolls of blinking
 x - a scroll of brand weapon
 y - a scroll of immolation {unknown}
 A - 2 scrolls of teleportation {unknown}
 I - a scroll of fear
Potions
 c - 2 potions of ambrosia
 k - 3 potions of lignification {unknown}
 q - 6 potions of degeneration {unknown}
 s - a potion of enlightenment {unknown}
 z - a potion of resistance {unknown}
 B - a potion of haste {unknown}
 C - a potion of brilliance
 G - 3 potions of curing
 H - 2 potions of attraction


   Skills:
 + Level 8.4 Fighting
 - Level 6.3(8.2) Axes
 - Level 6.5(10.3) Polearms
 * Level 9.3(10.0) Staves
 - Level 4.4 Armour
 - Level 4.0 Dodging
 - Level 2.8 Translocations


You had 7 spell levels left.
You knew the following spells:

 Your Spells              Type           Power      Damage    Failure   Level
a - Blink                 Tloc           18%        N/A       17%         2

Your spell library contained the following spells:

 Spells                   Type           Power      Damage    Failure   Level
 Apportation              Tloc           18%        N/A       11%         1
 Magic Dart               Conj           0%         1d3       34%         1
 Necrotise                Necr           0%         1d4       34%         1
 Sting                    Conj/Alch      0%         1d3       34%         1
 Hailstorm                Conj/Ice       0%         3d5       71%         3
 Alistair's Intoxication  Alch           0%         N/A       100%        5
 Borgnjor's Vile Clutch   Necr/Erth      0%         N/A       100%        5
 Eringya's Noxious Bog    Alch           0%         4d6       100%        6
 Summon Small Mammal      Summ           Unusable   N/A       N/A         1
 Call Imp                 Summ           Unusable   N/A       N/A         2
 Summon Ice Beast         Ice/Summ       Unusable   N/A       N/A         3
 Sculpt Simulacrum        Ice/Alch       Unusable   N/A       N/A         6

Dungeon Overview and Level Annotations

Branches:
Dungeon (8/15)             Temple (1/1) D:5
   Lair: D:8-11

Altars:
Ashenzari
Cheibriados
Dithmenos
Fedhas
Gozag
Hepliaklqana
Kikubaaqudgha
Makhleb
Nemelex Xobeh
Okawaru
Ru
Sif Muna
Trog
Uskayaw
Wu Jian
Xom
Yredelemnul
Zin
The Shining One

Shops:
D:3 (   D:5 =   D:8 [


Message History

The hound bites you but does no damage.
You barely miss the hound. The hound bites you but does no damage.
The hound barely misses you.
You closely miss the hound. The hound bites you.
You closely miss the hound.
You feel like a meek peon again. The hound barely misses you.
The hound bites you.
You completely miss the hound. The hound barely misses you. x2
You open the hound like a pillowcase!!!
You kill the hound!
Okawaru accepts your kill.
A wolf comes into view.
Things that are here:
a hound corpse; a wolf corpse The wolf bites you!
You closely miss the wolf. The wolf bites you but does no damage.
The wolf bites you!
You hit the wolf.
The wolf is lightly wounded.
The wolf bites you. x2; The wolf misses you.
You closely miss the wolf.
The wolf is lightly wounded.
The wolf bites you.
* * * LOW HITPOINT WARNING * * *
The wolf bites you.
* * * LOW HITPOINT WARNING * * *
You slice the wolf!!
You kill the wolf!
Okawaru accepts your kill.
An electric eel comes into view.
The electric eel shoots out a bolt of lightning at you!
The bolt of electricity hits you!
* * * LOW HITPOINT WARNING * * *
The orc priest barely misses you.
The electric eel shoots out a bolt of lightning at you!
The bolt of electricity hits you!
* * * LOW HITPOINT WARNING * * *
The orc priest mumbles some strange prayers to Beogh against you.
Beogh smites you!
You die...

~≈~~~...~~≈.~~~
≈≈~...~..≈≈~...
≈≈S≈~~.~~~S~~..
~≈≈≈~≈h~~~≈≈...
~..~~≈~≈~..S...
.....~~.~...~~.
...............
#..########.#..#
#......†.@.o...#
#.######.†.....#
#....†..#
####.......###
...##.<).........#
................#....
#....###.).8.8..#####
##.# #....∩...# #
.###.##8.8###


You could see an electric eel and an orc priest.

Vanquished Creatures
  A troll (D:8)
  A slime creature (D:6)
  6 yaks (D:8)
  A wyvern (D:7)
  3 water moccasins
  5 ice beasts
  3 orc warriors
  A black bear (D:7)
  3 sky beasts (D:7)
  3 wolves (D:8)
  3 ogres
  3 kobold brigands
  7 bullfrogs (D:7)
  A gnoll sergeant (D:8)
  A scorpion (D:6)
  4 killer bees (D:7)
  A howler monkey (D:6)
  4 hounds
  6 jellies
  6 orc priests
  2 gnoll boudas (D:7)
  Ijyb (D:3)
  Jessica (D:3)
  An iguana (D:6)
  4 orc wizards
  25 gnolls
  6 adders
  2 shadow imps
  2 white imps
  A dart slug (D:2)
  2 ribbon worms (D:2)
  22 orcs
  3 ball pythons
  11 endoplasms
  3 giant cockroaches
  14 goblins
  2 hobgoblins (D:2)
  22 kobolds
  3 quokkas
  3 bats
  2 frilled lizards
  6 rats
201 creatures vanquished.

Notes
Turn   | Place    | Note
-------+----------+-------------------------------------------
     0 | D:1      | blake the Hill Orc Monk began the quest for the Orb.
     0 | D:1      | Reached XP level 1. HP: 19/19 MP: 1/1
   237 | D:1      | Reached XP level 2. HP: 9/27 MP: 2/2
   843 | D:1      | Reached XP level 3. HP: 31/33 MP: 3/3
  1338 | D:2      | Reached XP level 4. HP: 38/41 MP: 4/4
  1449 | D:2      | Reached skill level 5 in Axes
  1613 | D:2      | Reached XP level 5. HP: 39/47 MP: 5/5
  1779 | D:2      | Reached skill level 5 in Fighting
  2129 | D:3      | Reached XP level 6. HP: 8/56 MP: 6/6
  2338 | D:3      | Noticed Jessica
  2339 | D:3      | Found Uruireph's Weapon Boutique.
  2349 | D:3      | Killed Jessica
  2750 | D:3      | Noticed Ijyb
  2774 | D:3      | Killed Ijyb
  3406 | D:4      | Reached skill level 1 in Polearms
  3412 | D:4      | Reached XP level 7. HP: 57/63 MP: 7/7
  3464 | D:4      | Reached skill level 1 in Armour
  3480 | D:4      | Identified the +2 war axe "Pysegix" {holy, ^Contam Fly
                  | Int+3}
  3863 | D:5      | Entered Level 5 of the Dungeon
  3905 | D:5      | Found Hubbawa's One-of-a-Kind Rings.
  3999 | D:5      | Found a staircase to the Ecumenical Temple.
  4023 | Temple   | Entered the Ecumenical Temple
  4042 | Temple   | Became a worshipper of Warmaster Okawaru
  4042 | Temple   | Reached * piety under Okawaru
  4042 | Temple   | Reached ** piety under Okawaru
  4396 | D:5      | Found a blossoming altar of Fedhas.
  4530 | D:6      | Identified the ring of Ru's Respect {Fire Stlth+}
  4560 | D:6      | Reached XP level 8. HP: 22/71 MP: 8/8
  4928 | D:6      | Reached skill level 5 in Polearms
  5223 | D:7      | Noticed a wyvern
  5230 | D:7      | Killed a wyvern
  5256 | D:7      | Identified the +3 long sword "Jufuoq" {chaos, +Blink rF+++
                  | rC+ Stlth-}
  5280 | D:7      | Reached *** piety under Okawaru
  5414 | D:7      | Reached skill level 1 in Staves
  5414 | D:7      | Reached XP level 9. HP: 61/81 MP: 9/9
  5455 | D:7      | Reached skill level 2 in Staves
  5469 | D:7      | Reached skill level 3 in Staves
  5756 | D:7      | Reached skill level 4 in Staves
  5830 | D:8      | Found Doheruepp's Armour Shop.
  6083 | D:7      | Reached skill level 5 in Staves
  6086 | D:7      | HP: 4/81 [orc warrior/+0 scimitar (15)]
  6366 | D:7      | Reached skill level 6 in Staves
  6545 | D:7      | Reached skill level 7 in Staves
  6755 | D:6      | Reached **** piety under Okawaru
  6811 | D:5      | Bought the ring "Lurphiane" {Will+ Int+7 SInv} for 507 gold
                  | pieces
  6815 | D:5      | Learned a level 2 spell: Blink
  6847 | D:6      | Found the +6 shillelagh "Devastator" {shatter}
  6856 | D:6      | Reached XP level 10. HP: 62/88 MP: 10/10
  7051 | D:6      | Reached skill level 1 in Translocations
  7103 | D:6      | Found a snail-covered altar of Cheibriados.
  7103 | D:6      | Found a broken altar of Ashenzari.
  7103 | D:6      | Found a sparkling altar of Nemelex Xobeh.
  7103 | D:6      | Found an opulent altar of Gozag.
  7103 | D:6      | Found a shadowy altar of Dithmenos.
  7103 | D:6      | Found an iron altar of Okawaru.
  7115 | D:6      | Reached skill level 8 in Staves
  7389 | D:7      | Found an opulent altar of Gozag.
  7473 | D:7      | Found a glowing silver altar of Zin.
  7658 | D:8      | Noticed a two-headed ogre
  8028 | D:8      | Reached skill level 9 in Staves
  8061 | D:8      | HP: 4/90 [electric eel/bolt of electricity (13)]
  8061 | D:8      | Killed from afar by an orc priest

Illustrated notes

Levels and vault maps discovered:
D:1:      onia_arrival_mini_maze_b, layout_loops_ring, minmay_misc_feat_five
D:2:      layout_rooms, serial_aquarium, aquarium_bridge_square
          [aquarium_subvault_bridge, aquarium_subvault_wall,
          aquarium_subvault_bridge, aquarium_subvault_bridge],
          aquarium_bridge_square [aquarium_subvault_wall,
          aquarium_subvault_bridge, aquarium_subvault_window,
          aquarium_subvault_bridge], aquarium_window_fake,
          aquarium_window_corridor_1, aquarium_window_1, aquarium_view_2e,
          aquarium_balcony_1b, kennysheep_path_1
D:3:      layout_loops_ring, serial_shops, shop, uniq_jessica, uniq_ijyb
D:4:      layout_rooms
D:5:      layout_rooms, fedhas_altar_decomposition,
          minmay_temple_entry_offerings, minmay_misc_feat_square,
          amcnicky_mini_pool_small, corexii_hall_statues_deadend,
          nicolae_shop_unique_rings, nrook_loot_triangle,
          hangedman_decor_riveting
D:6:      cheibrodos_fertilizer, layout_rooms,
          hangedman_abyss_or_decor_lesser_grid, dilly_guarded_unrand_devastator,
          uniq_crazy_yiuf_cottage
D:7:      minmay_the_grid_square_5x5_3x3
          [minmay_the_grid_square_5x5_checkered_sparse,
          minmay_the_grid_square_5x5_corner, minmay_the_grid_square_5x5_forky,
          minmay_the_grid_square_5x5_broken_cross,
          minmay_the_grid_square_5x5_megaprize_hollow,
          minmay_the_grid_square_5x5_one_wall,
          minmay_the_grid_square_5x5_hollow_slash,
          minmay_the_grid_square_5x5_slash,
          minmay_the_grid_square_5x5_beaten_path], layout_loops_ring,
          mainiacjoe_overflow_surrounded_room, zin_statuary,
          minmay_misc_feat_nine_boxes, minmay_diced_spiral
D:8:      layout_loops_ring, erik_lair_island, serial_shops,
          nicolae_shop_tiny_statue_garden, grunt_decor_mini_mirrors,
          minmay_orc_keep
Temple:   nicolae_temple_slightly_damp_pantheon

Skill      XL: |  1  2  3  4  5  6  7  8  9 10 |
---------------+-------------------------------+-----
Fighting       | 4 5 6 7 8 |  8.4
Dodging        | 3 4 |  4.0
Axes           | 5 6 |  6.3
Polearms       | 1 4 6 |  6.5
Armour         | 2 4 |  4.4
Staves         | 1 7 9 |  9.3
Translocations | 2 |  2.8

Action                     |  1- 3 |  4- 6 |  7- 9 | 10-12 || total
---------------------------+-------+-------+-------+-------++-------
  Melee: Hand axe          |    68 |   173 |       |       ||   241
         Unarmed           |       |    17 |       |       ||    17
         Halberd           |       |    16 |   171 |       ||   187
         Lajatang          |       |       |    89 |    85 ||   174
  Throw: Boomerang         |       |    15 |    31 |    10 ||    56
 Invoke: Heroism           |       |       |     6 |     2 ||     8
    Use: Potion            |       |     5 |     3 |       ||     8
         Scroll            |       |       |     8 |       ||     8
 Armour: Robe              |    31 |       |       |       ||    31
         Ring mail         |     3 |   110 |   173 |    67 ||   353
         Skin              |       |    10 |       |       ||    10
  Dodge: Dodged            |    41 |   117 |   160 |    44 ||   362

Table legend: (Time is in decaauts)
 A = Elapsed time spent in this place.
 B = Non-inter-level travel time spent in this place.
 C = Inter-level travel time spent in this place.
 D = Time resting spent in this place.
 E = Time spent auto-exploring this place.
 F = Levels seen in this place.
 G = Mean time per level.
                   A        B        C        D        E       F      G
               +--------+--------+--------+--------+--------+-----+--------+
         Total |   8197 |   7680 |    517 |    240 |   5940 |   9 |  910.8 |
       Dungeon |   8159 |   7679 |    480 |    240 |   5940 |   8 | 1019.9 |
        Temple |     38 |      1 |     37 |      0 |      0 |   1 |   38.0 |
               +--------+--------+--------+--------+--------+-----+--------+

Top non-repeatable levels by time:
     D:7: 2253 daAuts
     D:3: 1397 daAuts
     D:6: 1122 daAuts
     D:1: 960 daAuts
     D:2: 941 daAuts
     D:5: 602 daAuts
     D:4: 585 daAuts
     D:8: 295 daAuts
  Temple: 38 daAuts
